 Dungeon Crawl Stone Soup version 0.29.1-15-g9cfb28693d (webtiles) character file.

Game seed: 9169967582969443417

150 Heoruswealwe the Magician (level 5, -17/28 HPs)
             Began as a Deep Elf Earth Elementalist on Apr 24, 2023.
             Demolished by a slime creature (18 damage)
             ... created by the all-consuming vengeance of Jiyva
             ... on level 1 of the Dungeon.
             The game lasted 00:13:24 (1636 turns).

Heoruswealwe the Magician (DEEE)                    Turns: 1636, Time: 00:13:26

Health: -17/28     AC:  3    Str:  5    XL:     5   Next: 10%
Magic:  13/15      EV: 12    Int: 22    God:
Gold:   54         SH:  0    Dex: 15    Spells: 5/15 levels left

rFire   . . .      SeeInvis .   (no weapon)
rCold   . . .      Faith    .   (no shield)
rNeg    . . .      Spirit   .   c - +0 robe
rPois   .          Reflect  .   (no helmet)
rElec   .          Harm     .   h - +0 cloak
rCorr   .          Rampage  .   (no gloves)
Will    .....                   (no boots)
Stlth   ++........              (no amulet)
HPRegen 0.09/turn               (no ring)
MPRegen 0.14/turn               (no ring)

@: no status effects
A: no striking features
a: no special abilities


You were on level 1 of the Dungeon.
You visited 1 branch of the dungeon, and saw 2 of its levels.

You collected 54 gold pieces.

Inventory:

Armour
 c - a +0 robe (worn)
 h - a +0 cloak (worn)
Wands
 k - a wand of flame (16)
Scrolls
 d - a scroll of summoning {unknown}
 e - a scroll of magic mapping {unknown}
 f - a scroll of butterflies {unknown}
 i - a scroll of poison {unknown}
Potions
 a - a potion of attraction {unknown}
 b - a potion of magic
 g - a potion of ambrosia {unknown}
 j - a potion of might {unknown}


   Skills:
 - Level 2.4 Dodging
 - Level 2.4 Stealth
 + Level 5.5 Spellcasting
 - Level 1.1 Transmutations
 + Level 5.1 Earth Magic


You had 5 spell levels left.
You knew the following spells:

 Your Spells              Type           Power      Damage    Failure   Level
a - Sandblast             Erth           56%        2d13      1%          1
b - Stone Arrow           Conj/Erth      34%        3d9       10%         3
c - Petrify               Tmut/Erth      19%        N/A       26%         4
z - Passwall              Tmut/Erth      15%        N/A       4%          2

Your spell library contained the following spells:

 Spells                   Type           Power      Damage    Failure   Level
 Foxfire                  Conj/Fire      24%        2x1d5     10%         1
 Conjure Flame            Conj/Fire      6%         6-21      28%         3
 Inner Flame              Hex/Fire       6%         N/A       28%         3
 Flame Wave               Conj/Fire      6%         2d5       67%         4


Dungeon Overview and Level Annotations

Branches:
Dungeon (2/15)

Altars:
Jiyva


Message History

k - a wand of flame (16)
A hobgoblin comes into view.
The blast of sand hits the hobgoblin!
You kill the hobgoblin!
You see here a hobgoblin corpse.
Mutagenic energy floods into your body!
You are very lightly contaminated with residual magic.
Your magical contamination has completely faded away.
There is an open door here.
There is an open door here.
There is a stone staircase leading down here.
Done exploring.
Done exploring.
You see here a +0 dagger.
There is an open door here.
There is an escape hatch in the ceiling here.
A mysterious force pulls you upwards. The hatch slams shut behind you.
The goblin shouts!
The orc shouts!
There is an open gate here.
There is a huge open gate here.
Some slimes ooze up out of the ground!
A slime creature and a great orb of eyes come into view.
The blast of sand hits the slime creature.
The slime creature is lightly wounded.
The blast of sand hits the slime creature!
The slime creature is moderately wounded.
The slime creature hits you! The slime creature hits you!!
Ouch! That really hurt!
* * * LOW HITPOINT WARNING * * *
Casting: Sandblast (safe; 1% risk of failure)
Confirm with . or Enter, or press ? or * to list all spells.
Aiming: Sandblast (safe; 1% risk of failure)
Press: ? - help, Shift-Dir - straight line, f/p - slime creature
Aim: a slime creature (moderately wounded, durably summoned, 96% to hit)
The blast of sand hits the slime creature!!
The slime creature is severely wounded.
The slime creature hits you!!
Ouch! That really hurt!
You die...

#..^..........##........#
#.#####...###.##........#
#.#..>...)..............#
#.#.#..######.##........# ###
#.#.#..#......##........###
).#
#.#.#..#.#######...........
..#
#.#.#..#.##...##...........
..#
#.#.#....##...##...........
..#
#.#.....GJ@................
..#
###.#..######...#####.####...
..###.........# #...#
#...##... ....'.....###G#
##### ###.##...
...##....####.# #.##...
......#......G## #.####.
...#..#.#####..# #.# #.
.#.#..#.# ##.## #.####.
.#....#.# #..### #....#.


You could see a great orb of eyes and a slime creature.

Vanquished Creatures
  A black bear (D:2)
  An adder (D:2)
  2 worms (D:2)
  A dart slug (D:1)
  4 endoplasms
  3 giant cockroaches
  4 goblins
  4 hobgoblins (D:2)
  3 jackals (D:1)
  5 kobolds (D:1)
  A quokka (D:1)
  3 ball pythons
  5 bats
  4 frilled lizards
  5 rats
46 creatures vanquished.

Notes
Turn   | Place    | Note
-------+----------+-------------------------------------------
     0 | D:1      | Heoruswealwe the Deep Elf Earth Elementalist began the
                  | quest for the Orb.
     0 | D:1      | Reached XP level 1. HP: 10/10 MP: 6/6
   109 | D:1      | Reached XP level 2. HP: 2/15 MP: 0/8
   199 | D:1      | Learned a level 2 spell: Passwall
   424 | D:1      | Found a faded altar of an unknown god.
   500 | D:1      | Prayed at the altar of an unknown god.
   500 | D:1      | Became a worshipper of Jiyva Jitalon the Shapeless
   500 | D:1      | Reached * piety under Jiyva
   501 | D:1      | Fell from the grace of Jiyva
   758 | D:2      | Reached XP level 3. HP: 19/19 MP: 7/10
   782 | D:2      | Learned a level 3 spell: Stone Arrow
  1348 | D:2      | Noticed a black bear
  1352 | D:2      | Killed a black bear
  1353 | D:2      | Reached skill level 5 in Spellcasting
  1353 | D:2      | Reached skill level 5 in Earth Magic
  1353 | D:2      | Reached XP level 4. HP: 24/24 MP: 10/13
  1353 | D:2      | Reached XP level 5. HP: 28/28 MP: 10/14
  1358 | D:2      | Learned a level 4 spell: Petrify
  1621 | D:1      | Noticed a slime creature
  1621 | D:1      | Noticed a great orb of eyes
  1635 | D:1      | HP: 1/28 [slime creature[the all-consuming vengeance of
                  | Jiyva] (19)]
  1636 | D:1      | Demolished by a slime creature

Illustrated notes

Levels and vault maps discovered:
D:1:      lordsloth_arrival_two_stooges, layout_basic,
          hellmonk_ecumenical_altar_zigzags
D:2:      layout_loops_corners

Skill      XL: |  1  2  3 |
---------------+----------+-----
Spellcasting   | 4 5 |  5.5
Earth Magic    | 4 5 |  5.1
Dodging        | |  2.4
Stealth        | |  2.4
Transmutations | |  1.1

Action                   |  1- 3 |  4- 6 || total
-------------------------+-------+-------++-------
 Cast: Sandblast         |    57 |     6 ||    63
       Passwall          |     4 |       ||     4
Invok: Renounce Religion |     1 |       ||     1
Armor: Robe              |     2 |       ||     2
Dodge: Dodged            |     7 |       ||     7
